 Dungeon Crawl Stone Soup version 0.30-a0-782-ge64f9170bb (webtiles) character file.

Game seed: 8437239392345690722

1477 mopl the Cudgeller (level 8, -2/83 HPs)
             Began as an Ogre Gladiator on Mar 17, 2023.
             Was a Follower of Okawaru.
             Slain by a black bear (3 damage)
             ... on level 6 of the Dungeon.
             The game lasted 00:09:08 (7530 turns).

mopl the Cudgeller (Ogre Gladiator)                 Turns: 7530, Time: 00:09:09

Health: -2/83      AC:  3    Str: 19    XL:     8   Next: 79%
Magic:  17/19      EV:  1    Int:  9    God:    Okawaru [*.....]
Gold:   58         SH:  0    Dex: -21 (12)Spells: 7/7 levels left

rFire   . . .      SeeInvis +    a - +0 flail
rCold   . . .      Faith    .    (no shield)
rNeg    . . .      Spirit   .    b - +0 robe
rPois   .          Reflect  .    c - +0 hat
rElec   .          Harm     .    (no cloak)
rCorr   .          Rampage  .    (gloves unavailable)
Will    .....                    (boots unavailable) Stlth
                                 (no amulet)
HPRegen 0.33/turn                x - ring of magical power
MPRegen 0.16/turn                C - ring of see invisible

@: heroic, slowed, lost dexterity, very slow
A: large, unfitting armour, tough skin 1
a: Renounce Religion, Heroism


You were on level 6 of the Dungeon.
You worshipped Okawaru.
Okawaru was aware of your devotion.
You visited 1 branch of the dungeon, and saw 6 of its levels.

You collected 457 gold pieces.
You spent 399 gold pieces at shops.

Inventory:

Hand Weapons
 a - a +0 flail (weapon)
 s - a +0 giant club
Missiles
 d - 3 throwing nets
 e - a large rock
 p - 4 javelins
 A - 8 boomerangs (quivered)
 D - 2 silver boomerangs
 H - 7 poisoned darts
Armour
 b - a +0 robe (worn)
 c - a +0 hat (worn)
Jewellery
 u - a ring of fire
 x - a ring of magical power (left hand)
 y - a +6 ring of intelligence
 C - a ring of see invisible (right hand)
 E - an amulet of guardian spirit
Wands
 o - a wand of quicksilver (9)
Scrolls
 f - 9 scrolls of identify
 h - 2 scrolls of vulnerability {unknown}
 l - 3 scrolls of teleportation
 m - a scroll of enchant armour {unknown}
 n - 2 scrolls of fear
 r - 2 scrolls of amnesia {unknown}
 t - 4 scrolls of fog {unknown}
 v - 4 scrolls of blinking
 w - 2 scrolls of poison {unknown}
 B - a scroll of magic mapping {unknown}
 G - a scroll of brand weapon {unknown}
Potions
 g - a potion of heal wounds
 i - 2 potions of resistance
 j - 2 potions of might
 k - 2 potions of curing
 q - 4 potions of mutation {!q}
 z - 2 potions of haste
 F - a potion of brilliance {unknown}


   Skills:
 + Level 5.7(10.7) Fighting
 * Level 5.9(10.9) Maces & Flails
 + Level 4.5(9.5) Throwing
 + Level 3.1(8.1) Armour
 + Level 4.5(9.5) Dodging
 + Level 3.7 Invocations


You had 7 spell levels left.
You didn't know any spells.
Your spell library contained the following spells:

 Spells                   Type           Power      Damage    Failure   Level
 Cigotuvi's Dreadful Rot  Necr/Pois/Air  0%         N/A       52%         2
 Poisonous Vapours        Pois/Air       0%         N/A       52%         2
 Hailstorm                Conj/Ice       0%         3d3       77%         3
 Mephitic Cloud           Conj/Pois/Air  0%         N/A       77%         3
 Ice Form                 Ice/Tmut       0%         N/A       99%         4
 Blade Hands              Tmut           0%         N/A       100%        5
 Irradiate                Conj/Tmut      0%         3d11      100%        5
 Conjure Ball Lightning   Conj/Air       0%         3x3d6     100%        6
 Dragon Form              Tmut           0%         N/A       100%        7
 Discord                  Hex            0%         N/A       100%        8
 Disjunction              Tloc           0%         N/A       100%        8
 Simulacrum               Ice/Necr       Unusable   N/A       N/A         6

Dungeon Overview and Level Annotations

Branches:
Dungeon (6/15)             Temple (0/1) D:5

Altars:
Makhleb
Nemelex Xobeh
Okawaru
Wu Jian

Shops:
D:1 =?*=?   D:3 :

Annotations:
D:4 1 runed translucent door, emiel's ghost, amateur OgEE


Innate Abilities, Weirdness & Mutations

You are too large for most types of armour.
You have tough skin. (AC +1)


Message History

* * * LOW HITPOINT WARNING * * *
The quasit claws you but does no damage. x2
The white imp laughs crazily.
The quasit bites you.
* * * LOW HITPOINT WARNING * * *
The quasit claws you.
* * * LOW HITPOINT WARNING * * *
The quasit claws you but does no damage.
Aiming: Quicksilver Bolt
Press: ? - help, Shift-Dir - straight line, f - quasit
Aim: a quasit (severely wounded, 46% to hit)
The bolt of dispelling energy hits the quasit!
You kill the quasit!
Okawaru accepts your kill.
The bolt of dispelling energy hits the white imp!
You kill the white imp!
Okawaru accepts your kill.
The bolt of dispelling energy hits the shadow imp!
You kill the shadow imp!
Okawaru accepts your kill.
The bolt of dispelling energy hits the shadow imp!
You kill the shadow imp!
Okawaru accepts your kill.
The bolt of dispelling energy hits the shadow imp!
You kill the shadow imp!
Okawaru accepts your kill.
You hear a chilling moan.
The black bear bites you.
* * * LOW HITPOINT WARNING * * *
The black bear claws you but does no damage.
The black bear claws you.
* * * LOW HITPOINT WARNING * * *
Unknown command.
You gain the combat prowess of a mighty hero.
The black bear bites you.
* * * LOW HITPOINT WARNING * * *
The black bear claws you.
* * * LOW HITPOINT WARNING * * *
The black bear claws you.
You die...

# ## #8# .#### ...8 ##
##...# .... ###..
..... .... ...8#8..#
.... #.#(#.# ...8
.####.8#8.# #8#
...5?5h@!.# ##########
...#####..# #.........
....##..#####......>##
............#.......##
####......#.........##
#.......#......###.
#.......#.##.###4#.
...........##.######
###.........##.#1#_..


You could see a black bear, a white imp and an ufetubus.

Vanquished Creatures
  3 black bears (D:5)
  2 ogres (D:5)
  A phantom (D:5)
  A necrophage (D:5)
  3 scorpions (D:5)
  2 howler monkeys (D:4)
  3 hounds (D:5)
  2 jellies
  3 quasits
  An orc priest (D:5)
  2 iguanas
  3 gnolls
  11 adders
  3 shadow imps (D:6)
  3 white imps (D:6)
  5 ufetubi
  5 dart slugs
  10 orcs
  8 endoplasms
  6 giant cockroaches
  18 goblins
  15 hobgoblins
  4 jackals (D:2)
  11 kobolds
  A quokka (D:3)
  5 ball pythons
  7 bats
  A frilled lizard (D:1)
  7 rats
146 creatures vanquished.

Notes
Turn   | Place    | Note
-------+----------+-------------------------------------------
     0 | D:1      | mopl the Ogre Gladiator began the quest for the Orb.
     0 | D:1      | Reached XP level 1. HP: 22/22 MP: 1/1
    23 | D:1      | Found Muill's Jewellery Boutique.
    83 | D:1      | Found Uxkaq's Jewellery Emporium.
   109 | D:1      | Found Qizxutz's Magic Scroll Emporium.
   186 | D:1      | Reached XP level 2. HP: 26/29 MP: 2/2
   261 | D:1      | Found Cachyby's Magic Scroll Shop.
   270 | D:1      | Bought a scroll of noise for 13 gold pieces
   286 | D:1      | Reached skill level 3 in Fighting
   286 | D:1      | Reached skill level 3 in Maces & Flails
   353 | D:1      | Reached XP level 3. HP: 27/37 MP: 3/3
   588 | D:1      | Found Tiynic's General Store.
   596 | D:1      | Bought a potion of lignification for 39 gold pieces
   596 | D:1      | Bought a scroll of teleportation for 39 gold pieces
   929 | D:2      | Found a faded altar of an unknown god.
  1093 | D:2      | Reached skill level 1 in Armour
  1093 | D:2      | Reached XP level 4. HP: 43/45 MP: 4/4
  1298 | D:2      | Reached skill level 3 in Dodging
  2054 | D:3      | Found an iron altar of Okawaru.
  2057 | D:3      | Became a worshipper of Warmaster Okawaru
  2084 | D:3      | Reached XP level 5. HP: 53/53 MP: 5/5
  2093 | D:3      | Found Buscha's Book Boutique.
  2318 | D:3      | Found a sparkling altar of Nemelex Xobeh.
  2350 | D:3      | Found an ornate altar of the Wu Jian Council.
  2593 | D:1      | Bought a potion of haste for 130 gold pieces
  2631 | D:1      | Bought a scroll of identify for 22 gold pieces
  2631 | D:1      | Bought a scroll of identify for 22 gold pieces
  3032 | D:4      | Reached skill level 1 in Invocations
  3060 | D:4      | Reached skill level 3 in Throwing
  3173 | D:4      | Reached skill level 4 in Maces & Flails
  3173 | D:4      | Reached XP level 6. HP: 42/62 MP: 6/6
  3486 | D:4      | Reached * piety under Okawaru
  3487 | D:4      | Reached skill level 4 in Fighting
  3827 | D:4      | Found a runed translucent door.
  3833 | D:4      | Noticed emiel's ghost (amateur OgEE)
  4315 | D:5      | Entered Level 5 of the Dungeon
  4440 | D:5      | HP: 1/93 [poisoned by a scorpion]
  4443 | D:5      | Reached skill level 2 in Armour
  4443 | D:5      | Reached skill level 2 in Invocations
  4443 | D:5      | Reached XP level 7. HP: 19/70 MP: 8/8
  4714 | D:4      | HP: 3/71 [ufetubus (4)]
  5045 | D:5      | Reached ** piety under Okawaru
  5152 | D:5      | Reached skill level 5 in Maces & Flails
  5368 | D:5      | Found a staircase to the Ecumenical Temple.
  5409 | D:5      | Reached skill level 5 in Fighting
  5409 | D:5      | Reached skill level 4 in Dodging
  5409 | D:5      | Reached XP level 8. HP: 30/80 MP: 10/10
  5426 | D:5      | Reached skill level 4 in Throwing
  5725 | D:5      | Reached skill level 3 in Invocations
  6385 | D:1      | Bought a scroll of blinking for 82 gold pieces
  6443 | D:1      | Bought a scroll of fear for 52 gold pieces
  6791 | D:5      | Reached skill level 3 in Armour
  7131 | D:5      | Lost dexterity.
  7455 | D:6      | Found a burning altar of Makhleb.
  7455 | D:6      | Noticed an Executioner
  7458 | D:6      | Noticed an orange demon
  7458 | D:6      | Noticed a ynoxinul
  7529 | D:6      | HP: 3/83 [black bear (3)]
  7530 | D:6      | HP: 1/83 [black bear (1)]
  7530 | D:6      | Slain by a black bear

Illustrated notes

Levels and vault maps discovered:
D:1:      minmay_arrival_stone_box, layout_basic, serial_shops,
          nicolae_shop_trees, shop, shop_statue, shop,
          nicolae_shop_advertising_works [nicolae_subvault_shop_adworks],
          minmay_hexomino_u4
D:2:      layout_basic, hellmonk_ecumenical_altar_dog_temple
D:3:      cheibrodos_greedy_goblins, layout_basic,
          nicolae_wu_jian_immortal_techniques, mainiacjoe_overflow_swirl,
          serial_shops, shop, serial_park_tiny_pond, minmay_fractal_squares_5
D:4:      layout_basic, ebering_ghost_reflecting_pool
D:5:      layout_layer_cave, minmay_temple_entry_purple_smoke,
          minmay_quadrilaterals
D:6:      layout_rooms, nicolae_overflow_hidden_temple,
          nicolae_overflow_crystal_walls, makhleb_altar_promises_db,
          serial_demonic, serial_demonic_e, serial_demonic_a, serial_demonic_e,
          serial_demonic_a, serial_demonic_f, serial_demonic_b,
          minmay_statues_item

Skill      XL: |  1  2  3  4  5  6  7  8 |
---------------+-------------------------+-----
Fighting       | 3 4 5 |  5.7
Maces & Flails | 3 4 5 |  5.9
Armour         | 1 2 3 |  3.1
Dodging        | 3 4 |  4.5
Invocations    | 1 2 3 |  3.7
Throwing       | 3 4 |  4.5

Action                     |  1- 3 |  4- 6 |  7- 9 || total
---------------------------+-------+-------+-------++-------
  Melee: Flail             |    97 |   258 |   216 ||   571
         Punch             |       |     2 |     2 ||     4
         Unarmed           |       |       |     1 ||     1
  Throw: Dart              |       |     3 |     1 ||     4
         Boomerang         |       |       |     5 ||     5
         Large rock        |       |       |     1 ||     1
 Invoke: Heroism           |       |       |     7 ||     7
  Evoke: Wand              |       |       |     1 ||     1
    Use: Scroll            |     1 |     7 |       ||     8
         Potion            |       |     4 |     2 ||     6
   Stab: Distracted        |     1 |       |       ||     1
         Sleeping          |       |     3 |       ||     3
 Armour: Robe              |    33 |    65 |   218 ||   316
         Skin              |       |     2 |     4 ||     6
  Dodge: Dodged            |    53 |   126 |   253 ||   432

Table legend: (Time is in decaauts)
 A = Elapsed time spent in this place.
 B = Non-inter-level travel time spent in this place.
 C = Inter-level travel time spent in this place.
 D = Time resting spent in this place.
 E = Time spent auto-exploring this place.
 F = Levels seen in this place.
 G = Mean time per level.
                   A        B        C        D        E       F      G
               +--------+--------+--------+--------+--------+-----+--------+
         Total |   7840 |   7264 |    576 |   2482 |   3366 |   6 | 1306.7 |
       Dungeon |   7840 |   7264 |    576 |   2482 |   3366 |   6 | 1306.7 |
               +--------+--------+--------+--------+--------+-----+--------+

Top non-repeatable levels by time:
     D:5: 2463 daAuts
     D:4: 1844 daAuts
     D:3: 1278 daAuts
     D:1: 932 daAuts
     D:2: 837 daAuts
     D:6: 483 daAuts
